 Dungeon Crawl Stone Soup version 0.27.1-35-g4d5d836560 (webtiles) character file.

Game seed: 2211673246679487327

370 cbfl8 the Chopper (level 6, -1/52 (53) HPs)
             Began as a Minotaur Delver on Apr 4, 2022.
             Slain by a wight (10 damage)
             ... on level 4 of the Dungeon on Apr 5, 2022.
             The game lasted 00:09:37 (4869 turns).

cbfl8 the Chopper (Minotaur Delver)                 Turns: 4869, Time: 00:09:38

HP:   -1/52 (53)    AC:  9    Str: 19    XL:     6   Next: 42%
MP:   5/5           EV:  8    Int:  7    God:
Gold: 174           SH:  0    Dex: 17    Spells: 5/5 levels left

rFire    . . .     SeeInvis .   a - +0 hand axe
rCold    . . .     Faith    .   (no shield)
rNeg     . . .     Spirit   .   r - +0 chain mail
rPois    .         Reflect  .   (helmet restricted)
rElec    .         Harm     .   (no cloak)
rCorr    .         Rampage  .   (no gloves)
Will     .....                  (no boots)
Stlth    ..........             (no amulet)
HPRegen  0.17/turn              l - +6 ring of dexterity
MPRegen  0.09/turn              (no ring)

@: mighty, lightly drained
A: horns 2, retaliatory headbutt
a: no special abilities


You were on level 4 of the Dungeon.
You visited 1 branch of the dungeon, and saw 5 of its levels.

You collected 174 gold pieces.

Inventory:

Hand Weapons
 a - a +0 hand axe (weapon)
Armour
 b - a +0 leather armour
 r - a +0 chain mail (worn)
Jewellery
 l - a +6 ring of dexterity (left hand)
Wands
 g - a wand of digging (3)
Scrolls
 c - 2 scrolls of fog
 d - 3 scrolls of magic mapping
 e - a scroll of fear
 h - 3 scrolls of noise {unknown}
 o - 2 scrolls of identify {unknown}
 q - a scroll of acquirement {unknown}
 s - a scroll of immolation {unknown}
 t - a scroll of blinking {unknown}
 u - a scroll of teleportation {unknown}
 v - a scroll of amnesia {unknown}
Potions
 i - 2 potions of heal wounds {unknown}
 j - 2 potions of cancellation {unknown}
 m - a potion of degeneration {unknown}
 n - a potion of invisibility {unknown}
 p - a potion of curing


   Skills:
 + Level 4.5 Fighting
 + Level 5.1 Axes
 + Level 3.9 Armour
 + Level 2.7 Dodging
 + Level 5.0 Stealth


You had 5 spell levels left.
You didn't know any spells.
Your spell library contained the following spells:

 Spells                   Type           Power      Damage    Failure   Level
 Corona                   Hex            0%         N/A       99%         1
 Ensorcelled Hibernation  Hex/Ice        0%         N/A       100%        2
 Tukima's Dance           Hex            0%         N/A       100%        3


Dungeon Overview and Level Annotations

Branches:
Dungeon (5/15)
 Temple: D:4-7

Altars:
Gozag

Shops:
D:3 (

Annotations:
D:4 Edmund
D:5 Blork the orc


Innate Abilities, Weirdness & Mutations

You have a pair of horns on your head.
You reflexively headbutt those who attack you in melee.


Message History

Done waiting.
You start waiting.
Done waiting.
You start waiting.
Done waiting.
Things that are here:
a +0 falchion; a +0 leather armour A goblin comes into view.
It is wielding a +0 dagger.
The goblin shouts!
You hear a shout!
A hobgoblin comes into view.
Found 25 sling bullets.
The hobgoblin shouts!
A wight comes into view. It is wielding a +5 long sword.
The wight hits you with a +3 great sword of freezing.
You feel drained. The wight freezes you.
The goblin hits you but does no damage.
You closely miss the wight. Your headbutt misses the wight.
You closely miss the goblin. The wight closely misses you.
The goblin barely misses you.
You feel very mighty all of a sudden.
The wight hits you with a +3 great sword of freezing!
The wight freezes you. The goblin hits you but does no damage.
The wight hits you with a +5 long sword!
You barely miss the wight. You headbutt the wight!
The wight is severely damaged.
You hit the wight but do no damage.
Your chain mail prevents you from hitting the goblin.
The wight hits you with a +3 great sword of freezing!
The wight freezes you.
* * * LOW HITPOINT WARNING * * *
The goblin barely misses you. The wight closely misses you.
You furiously retaliate!
You headbutt the wight.
As you read the scroll of fear, it crumbles to dust.
You assume a fearsome visage.
The wight is unaffected. x2
The goblin looks frightened!
The wight misses you.
The wight hits you with a +5 long sword!
* * * LOW HITPOINT WARNING * * *
It was a potion of curing.
You feel better.
The wight hits you with a +3 great sword of freezing!
You die...

#### #.# #.# #
#.# #.# # #.#
#.# #.# #.#
#.###.#
####.....###
###... .....#
≈≈≈≈≈≈##.....#
###...#@z....#
..(..g.z.....#
...#.g.......#
........###.##
.#...##.# ..
#... #.# ##
#.. #.# ##.
#.# #.#


You could see 2 wights, a hobgoblin and a goblin (fleeing).

Vanquished Creatures
  Eustachio (D:4)
  A phantom (D:4)
  A hound (D:4)
  4 adders
  2 worms (D:3)
  5 dart slugs
  5 orcs
  3 bats
  6 endoplasms
  2 giant cockroaches
  5 goblins
  8 hobgoblins
  2 jackals (D:4)
  10 ball pythons
  3 frilled lizards
  5 kobolds
  7 rats
70 creatures vanquished.

Vanquished Creatures (others)
  24 plants (D:3)
24 creatures vanquished.

Grand Total: 94 creatures vanquished

Notes
Turn   | Place    | Note
-------+----------+-------------------------------------------
     0 | D:5      | cbfl8 the Minotaur Delver began the quest for the Orb.
     0 | D:5      | Reached XP level 1. HP: 19/19 MP: 0/0
   147 | D:5      | Noticed a centaur
   148 | D:5      | Noticed a wyvern
   229 | D:4      | Noticed Edmund
   258 | D:4      | Noticed a wight
   394 | D:5      | Noticed Blork the orc
   441 | D:4      | Reached XP level 2. HP: 27/27 MP: 1/1
  1217 | D:1      | Reached XP level 3. HP: 33/33 MP: 2/2
  1340 | D:1      | Found a faded altar of an unknown god.
  1480 | D:1      | You fall into a shaft and drop 1 floor!
  1489 | D:2      | Reached skill level 1 in Armour
  2737 | D:3      | Reached XP level 4. HP: 40/40 MP: 3/3
  3293 | D:3      | Found Ogoroubror's Weapon Shoppe.
  3316 | D:3      | Found an opulent altar of Gozag.
  3482 | D:3      | Reached skill level 5 in Stealth
  3623 | D:4      | Noticed a phantom
  3962 | D:4      | Reached XP level 5. HP: 36/46 MP: 4/4
  3969 | D:4      | Killed a phantom
  4206 | D:4      | Noticed Eustachio
  4254 | D:4      | Killed Eustachio
  4255 | D:4      | Reached skill level 5 in Axes
  4255 | D:4      | Reached XP level 6. HP: 6/53 MP: 5/5
  4869 | D:4      | Slain by a wight

Illustrated notes

Levels and vault maps discovered:
D:1:      dpeg_arrival_tiny_d, layout_rooms, chequers_ecumenical_altar_island
D:2:      layout_basic, kennysheep_cross_bottleneck
D:3:      kennysheep_six_static_rooms, layout_basic, grunt_gozag_breadcrumbs,
          serial_shops, nicolae_square_shop, serial_bayou,
          serial_bayou_crossing, serial_bayou_lagoon_b, serial_bayou_lagoon_a
D:4:      layout_loops_ring, chequers_serial_rivers_micro_b, minmay_vboxes,
          uniq_edmund, uniq_eustachio
D:5:      layout_loops_corners, cheibriados_altar_1, grunt_temple_overflow_open,
          lightli_corner_chamber, uniq_crazy_yiuf_cottage, uniq_blork_the_orc

Skill      XL: |  1  2  3  4  5 |
---------------+----------------+-----
Armour         | 1 2 3 |  3.9
Axes           | 3 5 |  5.1
Fighting       | 4 |  4.5
Stealth        | 5 |  5.0
Dodging        | |  2.7

Action                   |  1- 3 |  4- 6 || total
-------------------------+-------+-------++-------
Melee: Hand axe          |   107 |    80 ||   187
       Headbutt          |    14 |    25 ||    39
  Use: Scroll            |     1 |     2 ||     3
       Potion            |       |     5 ||     5
 Stab: Sleeping          |     5 |       ||     5
Armor: Leather armour    |    24 |       ||    24
       Chain mail        |    10 |    49 ||    59
Dodge: Dodged            |    73 |    47 ||   120
